 Dungeon Crawl Stone Soup version 0.32-a0-666-ge8a88695a4 (webtiles) character file.

Game seed: 1806448889295132804

1390485 Ruich the Ex Machina (level 27, 249/249 HPs)
             Began as a Coglin Berserker on Mar 9, 2024.
             Was a Priest of Trog.
             Escaped with the Orb
             ... and 3 runes on Mar 10, 2024!
             The game lasted 04:36:48 (103944 turns).

Ruich the Ex Machina (Coglin Berserker)           Turns: 103944, Time: 04:36:48

Health: 249/249    AC: 41    Str: 24    XL:     27
Magic:  7/7        EV: 13    Int:  9    God:    Trog [***...]
Gold:   2766       SH:  0    Dex: 19    Spells: 26/26 levels left

rFire   + + +        S - +9 broad axe (antimagic) {Kagemori}
rCold   + + .        (no shield)
rNeg    . . .        L - +3 gold dragon scales
rPois   +            V - +2 hat
rElec   .            U - +2 cloak {rC+}
rCorr   .            N - +2 pair of gloves {rF+}
SInv    .            C - +3 pair of seven-league boots {Rampage+∞}
Will    +++..        (amulet unavailable) Stlth
                     (ring unavailable)
HPRegen 0.61/turn    (ring unavailable)
MPRegen 0.10/turn    M - experimental compensator {rF+ Slay+3 Clar RMsl}

%: repel missiles, clarity, rampage+∞
@: no status effects
A: off-hand wielding, slow wielding, warmup strikes, no jewellery, strong-willed
1
0: Orb of Zot
}: 3/15 runes: barnacled, silver, gossamer
a: Renounce Religion, Berserk, Trog's Hand


You escaped.
You worshipped Trog.
Trog was most pleased with you.
You visited 9 branches of the dungeon, and saw 47 of its levels.
You also visited: Ice Cave.

You collected 11119 gold pieces.
You spent 8353 gold pieces at shops.


Innate Abilities, Weirdness & Mutations

You can wield a second weapon in your off-hand.
It takes a long time for you to wield or remove held weapons.
Your first few attacks do less damage.
You cannot equip rings or amulets.
You are strong-willed. (Will+)


   Skills:
 O Level 27 Fighting
 - Level 24.6 Axes
 - Level 21.9 Armour
 - Level 15.3 Dodging
 + Level 11.7 Stealth
 O Level 27 Evocations


You had 26 spell levels left.
You didn't know any spells.
Your spell library was empty.

Inventory:

Hand Weapons
 a - the +6 war axe of Mourning {flame, rC+ Will+}
   (Trog gifted it to you on level 2 of the Depths)

   rC+:       It protects you from cold.
   Will+:     It increases your willpower.
 b - the +4 mace of Non Obstante Veredicto {freeze, rElec rF+++ rC- Int+5}
   (You found it on level 4 of the Spider Nest)

   Int+5:     It affects your intelligence (+5).
   rF+++:     It renders you almost immune to fire.
   rC-:       It makes you vulnerable to cold.
   rElec:     It insulates you from electricity.
 S - a +9 antimagic broad axe (weapon) {Kagemori}
Missiles
 w - 9 throwing nets {=f}
Armour
 f - the +2 hat of the Apothecary {-Tele rF- Will+ Dex+7}
   (You found it on level 4 of the Spider Nest)

   Dex+7:     It affects your dexterity (+7).
   rF-:       It makes you vulnerable to fire.
   Will+:     It increases your willpower.
   -Tele:     It prevents most forms of teleportation.
 A - the +1 plate armour of Brilliance {Will+ Int+2 Dex+3}
   (You bought it in a shop on level 4 of the Shoals)

   Int+2:     It affects your intelligence (+2).
   Dex+3:     It affects your dexterity (+3).
   Will+:     It increases your willpower.
 C - the +3 pair of seven-league boots (worn) {Rampage+∞}
   (You found it on level 1 of the Depths)

   Rampage+∞: When moving toward enemies, its wearer moves as far as possible,
   alerting their target en route.
 F - the +2 pair of gloves of Xiomuen {rC+ SInv}
   (You found it on level 4 of the Dungeon)

   rC+:       It protects you from cold.
   SInv:      It lets you see invisible.
 L - +3 gold dragon scales (worn)
 N - a +2 pair of gloves of fire resistance (worn)
 U - a +2 cloak of cold resistance (worn)
 V - a +2 hat (worn)
Gizmo
 M - an experimental compensator (installed) {rF+ Slay+3 Clar RMsl}
   (You invented it yourself on level 5 of the Lair of Beasts)

   [experimental compensator]

   Slay+3:    It affects your accuracy & damage with ranged weapons and melee
   (+3).
   rF+:       It protects you from fire.
   Clar:      It protects you from confusion, rage, mesmerisation and fear.
   RMsl:      It protects you from missiles.
Wands
 k - a wand of charming (59)
 o - a wand of warping (49)
 s - a wand of quicksilver (25)
 x - a wand of flame (74) (quivered)
 z - a wand of digging (21)
 E - a wand of polymorph (51)
 G - a wand of mindburst (21)
Scrolls
 c - 4 scrolls of fog
 d - 19 scrolls of teleportation {@r2}
 e - 5 scrolls of blinking
 h - a scroll of revelation
 j - 8 scrolls of vulnerability
 n - 12 scrolls of poison
 v - 2 scrolls of silence {!r}
 H - 3 scrolls of immolation
 P - 3 scrolls of summoning
 T - 7 scrolls of fear
 W - 2 scrolls of noise
Potions
 g - 21 potions of curing {@q1}
 i - 2 potions of attraction
 m - 4 potions of resistance
 p - 2 potions of ambrosia
 q - 8 potions of mutation
 r - 16 potions of enlightenment
 t - 3 potions of lignification
 u - 2 potions of cancellation
 B - 8 potions of might
 D - 5 potions of heal wounds {@q2}
 J - 9 potions of magic
 R - 7 potions of invisibility
 X - 4 potions of berserk rage {!q}
Miscellaneous
 l - a box of beasts (inert)
 y - a lightning rod (4/4)
 K - a phantom mirror (inert)
 O - a tin of tremorstones (2/2)
 Q - a phial of floods

Dungeon Overview and Level Annotations

Branches:
Dungeon (15/15)            Temple (0/1) D:7            Lair (5/5) D:8
 Shoals (4/4) Lair:3       Spider (4/4) Lair:2        Slime (0/5) Lair:4
    Orc (2/2) D:10            Elf (3/3) Orc:2        Vaults (5/5) D:14
  Crypt (0/3) Vaults:3     Depths (4/4) D:15            Zot (5/5) Depths:4
  IceCv (visited)

Altars:
Cheibriados
Fedhas
Gozag
Kikubaaqudgha
Okawaru
Sif Muna
Trog
Vehumet
Yredelemnul
Zin
Beogh
Jiyva

Shops:
D:2 ![*   D:4 *   D:9 =(   Orc:2 *:([   Elf:1 :   Elf:2 (!:[   Elf:3 !
Shoals:4 ?*   Vaults:3 ?:   Depths:1 (==:=   Depths:2 *[!   Depths:3 (

Portals:
Hell: Depths:1 Depths:2 Depths:3
Abyss: Depths:1 Depths:3
Pandemonium: Depths:1 Depths:2 Depths:3
Ziggurat: Depths:1

Annotations:
D:6 2 runed translucent doors
Elf:2 2 runed translucent doors
Zot:2 exclusion: downstairs

.# #.>...# #......# ## ##...##
#.###### ##### ##.## #.#
....#####.#######.#
###...............#
#######.###.############# #.#
##.##..♣....♣.## #.#
##............###### #.#
###.@......♣..♣##.... # #.#
#~......b......##.### ####### #.#
#..............##(### ......# #.#
♣..............♣###..
#.###.###.##♣................#∩#.
...†.......##.....♣.....⌠......##
###.#.#.....#..................##
###.#.##...##.♣.................#
..#.#.###.###..................♣#


You could see a bat.


Message History

You feel yourself speed up.
Unknown command.
You see here a +0 flail.
Items here: ( ))))))) [[ ÷÷÷.
You see here a +0 trident.
There is an escape hatch in the ceiling here.
A mysterious force pulls you upwards. The hatch slams shut behind you.
Unknown command.
Aiming: Dig
Press: ? - help, Shift-Dir - straight line A rock wall.
This square is covered in magical glow.
The rock shatters into small pieces.
Unknown command.
Your extra speed is starting to run out.
There is a stone staircase leading up here.
You climb upwards.
There is a stone staircase leading down here.
Unknown command.
You feel yourself slow down.
Aiming: Dig
Press: ? - help, Shift-Dir - straight line A rock wall.
This square is covered in magical glow.
The rock shatters into small pieces.
Unknown command.
A bat comes into view.
There is a staircase leading out of the dungeon here.
Unknown command.
You have escaped!

Skill      XL: |  1  2  3  4  5  6  7  8  9 10 11 12 13 14 15 16 17 18 19 20 21 22 23 24 25 26 27 |
---------------+----------------------------------------------------------------------------------+-----
Armour         | 2 3 4 7 9 11 13 14 15 16 17 19 20 21 | 21.9
Dodging        | 2 3 6 7 9 10 14 15 | 15.3
Axes           | 4 5 7 10 11 14 16 18 19 20 21 22 24 | 24.6
Fighting       | 4 8 13 14 15 16 17 18 19 20 21 22 23 26 27 | 27.0
Evocations     | 2 6 10 12 13 15 17 18 20 21 23 24 26 27 | 27.0
Stealth        | 1 5 6 8 10 11 | 11.7

Action                     |  1- 3 |  4- 6 |  7- 9 | 10-12 | 13-15 | 16-18 | 19-21 | 22-24 | 25-27 || total
---------------------------+-------+-------+-------+-------+-------+-------+-------+-------+-------++-------
  Melee: Dagger            |    58 |       |       |       |       |       |       |       |       ||    58
         Hand axe          |    74 |   195 |     6 |       |       |       |       |       |       ||   275
         Broad axe         |       |     6 |    91 |   326 |   661 |  1695 |  2022 |  1463 |  1013 ||  7277
         War axe           |       |       |    61 |    41 |       |       |       |   718 |   778 ||  1598
         Unarmed           |       |       |       |     1 |       |       |       |       |       ||     1
         Mace              |       |       |       |       |       |    44 |       |       |       ||    44
 Invoke: Berserk           |     1 |     2 |     4 |     4 |    10 |     4 |     5 |     4 |     2 ||    36
         Trog's Hand       |       |       |     1 |       |     6 |     6 |     5 |     9 |     9 ||    36
         Brothers in Arms  |       |       |       |     1 |     4 |       |     1 |     3 |     4 ||    13
Ability: Invent Gizmo      |       |       |       |       |     1 |       |       |       |       ||     1
  Evoke: Wand              |       |       |       |       |     2 |       |    12 |     1 |    78 ||    93
         Lightning rod     |       |       |       |       |     2 |     4 |       |     1 |     3 ||    10
         Tin of tremorston |       |       |       |       |       |     2 |     1 |     2 |     2 ||     7
         Phantom mirror    |       |       |       |       |       |     1 |     1 |     2 |     2 ||     6
         Box of beasts     |       |       |       |       |       |       |     2 |     2 |     5 ||     9
         Phial of floods   |       |       |       |       |       |       |     1 |     2 |     1 ||     4
    Use: Scroll            |       |    10 |     8 |     6 |    14 |     6 |     6 |     7 |    20 ||    77
         Potion            |       |       |       |       |     5 |     2 |     7 |     6 |    12 ||    32
   Stab: Petrified         |       |       |       |       |     8 |       |     8 |       |       ||    16
         Distracted        |       |       |       |       |     4 |     1 |     6 |     3 |     3 ||    17
         Petrifying        |       |       |       |       |     1 |       |       |       |       ||     1
         Invisible         |       |       |       |       |    14 |       |    10 |       |       ||    24
         Sleeping          |       |       |       |       |       |       |     8 |       |       ||     8
 Armour: Animal skin       |    42 |     4 |       |       |       |       |       |       |       ||    46
         Chain mail        |       |    73 |    67 |   133 |       |       |       |       |       ||   273
         Robe              |       |     8 |       |       |       |       |       |       |       ||     8
         Leather armour    |       |       |       |    66 |    46 |       |       |       |       ||   112
         Plate armour      |       |       |       |       |   230 |   915 |   216 |   455 |       ||  1816
         Scale mail        |       |       |       |       |    49 |       |   718 |   123 |       ||   890
         Gold dragon scale |       |       |       |       |       |       |       |   352 |  1111 ||  1463
  Dodge: Dodged            |    49 |    73 |    34 |    79 |   144 |   421 |   526 |   589 |   326 ||  2241
         Repelled          |       |       |       |       |    21 |    61 |   101 |    74 |    86 ||   343

Levels and vault maps discovered:
D:1:      nzn_arrival_settlement, layout_loops_corners, minmay_gold_behind_fungi
D:2:      layout_basic, serial_shops, nicolae_lakefront_shop, shop,
          nicolae_shop_tiny_statue_garden, minmay_shallow_snake_nest,
          uniq_jessica, uniq_natasha
D:3:      layout_basic, nicolae_ecumenical_pavilion
D:4:      layout_basic, mainiacjoe_overflow_boulevard, minmay_misc_feat_cross,
          nicolae_shop_fire_sale [nicolae_sub_dead_trees]
D:5:      minmay_inner_zag, layout_basic, uniq_pikel, uniq_menkaure
D:6:      nicolae_whirlpool, layout_layer_cave, serial_co_window_serial,
          co_window_corner_a, co_window_corner_a, co_window_corner_a,
          co_window_paths_a, co_window_paths_a, co_window_of_opportunity_b,
          co_window_2corner, co_window_corner_cb, glass_columns_c,
          chequers_serial_rivers_micro_b, minmay_hollow_rounded_squares,
          uniq_sigmund
D:7:      layout_loops_corners, minmay_temple_entry_slanted
D:8:      layout_cave_pools, erik_lair_island, uniq_maurice
D:9:      layout_cave_pods, gammafunk_temple_overflow_elements,
          serial_column_ruins, column_ruins_pillar_1, column_ruins_pillar_1,
          column_ruins_pillar_6, column_ruins_pillar_5, column_ruins_pillar_7,
          column_ruins_pillar_4, column_ruins_pillar_1, column_ruins_pillar_4,
          column_ruins_pillar_1, column_ruins_pillar_3, column_ruins_pillar_2,
          serial_shops, nicolae_shop_behind_doors, shop, minmay_bent
D:10:     layout_basic, orc_0_dummy
D:11:     minmay_the_grid_octo_tiled_octocenter_mashed
          [minmay_the_grid_octo_chip, minmay_the_grid_octo_odd_swirl,
          minmay_the_grid_octo_fat_diamond,
          minmay_the_grid_octo_tetromino_candy, minmay_the_grid_octo_prize_star,
          minmay_the_grid_square_5x5_almost_minimal,
          minmay_the_grid_square_5x5_c, minmay_the_grid_square_5x5_percent,
          minmay_the_grid_square_5x5_detours], layout_loops_corners, zin_angel
D:12:     layout_stronghold, serial_column_ruins, column_ruins_hut,
          column_ruins_grid_4, column_ruins_grid_1, column_ruins_open_tiny,
          column_ruins_open_medium, column_ruins_grid_2, uniq_nessos
D:13:     minmay_skewed_foursquare, layout_cross
D:14:     layout_cave_pods, david_vaults_3, minmay_door_square
D:15:     hangedman_depths_entry_civil_slaughter, layout_basic,
          lightli_corner_chamber
Lair:1:   layout_roguey, basic_altar, chequers_serial_rivers_small_b,
          grunt_megastairs_2
Lair:2:   layout_long_grid, hellmonk_spider_entry_life_and_decay,
          serial_bayou_lagoon_a, serial_bayou_lagoon_b, uniq_prince_ribbit2,
          uniq_fannar
Lair:3:   layout_regular_city, nicolae_shoals_entry_roost, serial_forest,
          infiniplex_forest_side_room, infiniplex_forest_lined_room_,
          infiniplex_forest_clump_diagonal, infiniplex_forest_straight_1,
          infiniplex_forest_clump_small, lemuel_fruit_fields
Lair:4:   layout_hall_layers, slime_entry_1, nicolae_lair_yak_garden
Lair:5:   due_jungle_book, layout_cave_pods, serial_bayou, serial_bayou_pond_b,
          serial_bayou_shore_a, serial_bayou_ford_a, serial_bayou_crossing
Shoals:1: layout_shoals, uniq_kirke
Shoals:2: layout_shoals, nicolae_shoals_goliath_grotto
Shoals:3: cheibrodos_shoals_gigantism, layout_shoals, ebering_ghost_rock_garden,
          uniq_mara, uniq_roxanne
Shoals:4: shoals_end_grunt_ice, layout_shoals, serial_shops, shop, shop,
          uniq_polyphemus
Spider:1: layout_spider_delve, guppyfry_spider_mini_1
Spider:2: layout_spider_delve, nicolae_spider_twisty_arc_passages
Spider:3: layout_chambers, portal_ice_cave_entry_frozen_things
Spider:4: grunt_spider_rune_parallel, uniq_louise
Orc:1:    layout_caves, basic_altar, minmay_orc_barracks, uniq_snorg
Orc:2:    grunt_orc_gardens, layout_caves, grunt_orc_garden, grunt_orc_garden,
          grunt_orc_garden, grunt_orc_garden, nicolae_orc_damp_corner,
          uniq_saint_roka
Elf:1:    eino_elf_arrival_the_gate, layout_geoelf_grid, serial_shops, shop,
          nicolae_elf_shapeshifter_party, hangedman_summoners_spam
Elf:2:    nicolae_elf_blades_splatter_lattice
          [nicolae_blade_entry_splitting_headache], layout_geoelf_grid,
          serial_shops, nicolae_shop_bloodbath_and_beyond, shop,
          nicolae_shop_getting_attention, nicolae_shop_hallway_stairs
Elf:3:    elf_hall_gauntlet_wide, layout_geoelf_castle, serial_shops,
          nicolae_shop_drivethru, uniq_zenata
Vaults:1: nicolae_vaults_shrinking_rooms_2, v_rooms_1, vaults_room_hallway,
          hangedman_vaults_impose, ontoclasm_vaults_idyll,
          nicolae_vaults_little_squares_6, st_cells, layout_vaults_big_room,
          uniq_boris
Vaults:2: v_misc_15, hangedman_vaults_river_flow,
          nicolae_vaults_good_morning_starshine, nicolae_vaults_sightless_eye,
          grunt_vaults_funnel, ontoclasm_vaults_eye, ontoclasm_vaults_tryst,
          layout_vaults_omnigrid
Vaults:3: dpeg_vaults_monster_row, minmay_crypt_entry_simple_walls,
          vaults_standard_mumra_x, nicolae_vaults_closet_pinwheel_4,
          vaults_room_mumra_shop_pool, nicolae_vaults_little_squares_5,
          v_misc_11, hangedman_vaults_nodes, nicolae_vaults_double_plus_1,
          nicolae_vaults_tetromino_L_1, layout_vaults_omnicross, serial_shops,
          shop, uniq_jory
Vaults:4: nicolae_vaults_house_2, nicolae_vaults_trapezoid_1, v_misc_17,
          vaults_room_grid, hangedman_vaults_stream,
          ontoclasm_vaults_loading_screen, nicolae_vaults_yaktaur_gun_rack,
          v_misc_26, vaults_dpeg_hooks, ontoclasm_vaults_spin,
          ontoclasm_vaults_claustrophobia, layout_vaults_omnibox
Vaults:5
Depths:1: layout_cave_pools, enter_ziggurat_f, hellmouth_1,
          nicolae_abyss_entry_one_way_or_another, rand_demon_pan_entry_4,
          minmay_curled_crystal, serial_shops, shop, nicolae_shop_gaudy_bauble,
          hangedman_decor_peaks_small,
          hellmonk_guarded_unrand_seven_league_boots, minmay_shop_grove
Depths:2: grated_community_mu [grated_community_mu_vampire_home,
          grated_community_mu_giant_home, grated_community_mu_spellcaster_home,
          grated_community_mu_orcish_home, grated_community_mu_troll_home,
          grated_community_mu_taur_home, grated_community_mu_unbuilt_plot],
          layout_basic, pan_entry, vehumet_crystals, lightli_too_deep,
          minmay_staircase_statues_hall_large, uniq_vv
Depths:3: dreamdust_cat_pyramid, layout_gridville, serial_shops, shop,
          kennysheep_cross_room, pan_entry, minmay_room_of_horrors, hell_entry,
          bh_walls_and_bars, infiniplex_staircase_pool_2
Depths:4: grunt_crosshair, layout_basic, pf_hell_entry_great_geh,
          serial_bayou_shore_b, lemuel_zombie_altar_kikubaaqudgha, uniq_xtahua,
          uniq_sojobo
Zot:1:    layout_misc_corridors, regret_index_zotdec_iron_s
Zot:2:    regret_index_all_hallows'_manor, layout_gridlike
Zot:3:    hangedman_zot_vaults_quadrants, layout_concentric_octagons,
          regret_index_zotdec_barnacled_alternative, grunt_ministairs_13,
          regret_index_zotdec_tunneler, uniq_josephina
Zot:4:    lemuel_acid_trip, layout_cathedral_of_symmetry,
          hangedman_zot_decor_tridents
Zot:5:    layout_twisted_circle

Notes
Turn   | Place    | Note
-------+----------+-------------------------------------------
     0 | D:1      | Ruich the Coglin Berserker began the quest for the Orb.
     0 | D:1      | Reached XP level 1. HP: 18/18 MP: 1/1
   290 | D:1      | Reached skill level 2 in Armour
   290 | D:1      | Reached skill level 2 in Dodging
   290 | D:1      | Reached XP level 2. HP: 24/24 MP: 2/2
   557 | D:1      | Reached XP level 3. HP: 26/29 MP: 3/3
   557 | D:1      | Reached ** piety under Trog
  1045 | D:2      | Noticed Natasha
  1045 | D:2      | Found Rashreli's Distillery.
  1052 | D:2      | Killed Natasha
  1053 | D:2      | Reached XP level 4. HP: 26/35 MP: 4/4
  1151 | D:2      | Noticed Jessica
  1158 | D:2      | Killed Jessica
  1161 | D:2      | Reached skill level 4 in Axes
  1311 | D:2      | Identified the +0 robe of Aleninuu {Will+ Str+3}
  1356 | D:2      | Found Oryli's Armour Shop.
  1466 | D:2      | Noticed a black bear
  1472 | D:2      | Killed a black bear
  1473 | D:2      | Reached XP level 5. HP: 42/42 MP: 5/5
  1482 | D:2      | Noticed Natasha
  1489 | D:2      | Killed Natasha
  1628 | D:2      | Found Puiw's General Store.
  1639 | D:2      | Bought a scroll of identify for 28 gold pieces
  1639 | D:2      | Bought a potion of curing for 42 gold pieces
  1639 | D:2      | Bought 3 scrolls of identify for 84 gold pieces
  1684 | D:2      | Reached XP level 6. HP: 48/48 MP: 6/6
  1750 | D:2      | Noticed Natasha
  1758 | D:2      | Killed Natasha
  1759 | D:2      | Reached skill level 4 in Fighting
  1759 | D:2      | Reached skill level 3 in Dodging
  1777 | D:2      | Reached skill level 3 in Armour
  2040 | D:2      | Identified the +2 scale mail "Cisolaw" {Int+2}
  2142 | D:3      | Found a faded altar of an unknown god.
  2481 | D:3      | Reached *** piety under Trog
  2488 | D:3      | Reached skill level 5 in Axes
  2834 | D:4      | Identified a scroll of acquirement
  2837 | D:4      | Acquired the +16 obsidian axe {drain, demonic, Mesm ^Drain
                  | Fly SInv}
  2837 | D:4      | Found the +16 obsidian axe {drain, demonic, Mesm ^Drain Fly
                  | SInv}
  2906 | D:4      | Identified the +2 pair of gloves of Xiomuen {rC+ SInv}
  2976 | D:4      | Reached XP level 7. HP: 51/54 MP: 7/7
  3023 | D:4      | Reached skill level 6 in Axes
  3340 | D:4      | Found Jini's Fire Supplies.
  3384 | D:4      | Found a snail-covered altar of Cheibriados.
  3434 | D:4      | Reached skill level 7 in Axes
  3542 | D:5      | Entered Level 5 of the Dungeon
  3581 | D:5      | Reached **** piety under Trog
  3588 | D:5      | Reached XP level 8. HP: 30/60 MP: 8/8
  3736 | D:5      | Reached skill level 8 in Axes
  3746 | D:5      | You are sucked into a shaft and drop 3 floors!
  3768 | D:7      | Found a staircase to the Ecumenical Temple.
  3791 | D:7      | Identified a potion of resistance
  3930 | D:6      | Noticed a shadow
  3935 | D:6      | Killed a shadow
  4055 | D:5      | Noticed Menkaure
  4058 | D:5      | Killed Menkaure
  4059 | D:5      | Reached skill level 9 in Axes
  4294 | D:5      | Acquired a manual of Fighting
  4464 | D:5      | Reached skill level 10 in Axes
  4474 | D:5      | Reached skill level 5 in Fighting
  4702 | D:5      | Noticed Pikel
  4709 | D:5      | Killed Pikel
  4710 | D:5      | Reached skill level 8 in Fighting
  4710 | D:5      | Reached XP level 9. HP: 74/75 MP: 9/9
  5033 | D:6      | Noticed Sigmund
  5038 | D:6      | Killed Sigmund
  5039 | D:6      | Reached skill level 9 in Fighting
  5248 | D:6      | Found a large runed translucent door.
  5248 | D:6      | Found a large runed translucent door.
  5254 | D:6      | Found a large runed translucent door.
  5254 | D:6      | Found a large runed translucent door.
  5263 | D:6      | Reached skill level 10 in Fighting
  5311 | D:6      | Reached skill level 11 in Fighting
  5739 | D:6      | Identified the +6 halberd "Jumocun" {freeze, Will+ Int+4}
  5890 | D:6      | Reached skill level 12 in Fighting
  6052 | D:6      | Noticed a two-headed ogre
  6056 | D:6      | Killed a two-headed ogre
  6057 | D:6      | Reached skill level 13 in Fighting
  6057 | D:6      | Reached XP level 10. HP: 92/92 MP: 10/10
  7192 | D:8      | Found a staircase to the Lair.
  7199 | D:8      | Reached skill level 14 in Fighting
  7377 | D:8      | Reached skill level 11 in Axes
  7420 | D:8      | Noticed Maurice
  7430 | D:8      | Killed Maurice
  7491 | D:8      | Reached ***** piety under Trog
  7891 | D:9      | Found Oruebbo's Antique Weapon Shoppe.
  7894 | D:9      | Bought a runed broad axe for 175 gold pieces
  7987 | D:9      | Found Atixt's Jewellery Emporium.
  8013 | D:9      | Reached XP level 11. HP: 101/101 MP: 11/11
  8026 | D:9      | Reached skill level 12 in Axes
  8166 | D:9      | Found a blossoming altar of Fedhas.
  8166 | D:9      | Found a basalt altar of Yredelemnul.
  8279 | D:9      | Noticed a boulder beetle
  8287 | D:9      | Killed a boulder beetle
  8289 | D:9      | Noticed a deep elf pyromancer
  8297 | D:9      | Killed a deep elf pyromancer
  8808 | D:10     | Entered Level 10 of the Dungeon
  8825 | D:10     | Found a staircase to the Orcish Mines.
  8825 | D:10     | Noticed a two-headed ogre
  8836 | D:10     | Killed a two-headed ogre
  8982 | D:10     | Noticed a two-headed ogre
  8988 | D:10     | Killed a two-headed ogre
  8989 | D:10     | Reached skill level 13 in Axes
  9356 | D:10     | Noticed a two-headed ogre
  9362 | D:10     | Killed a two-headed ogre
  9363 | D:10     | Reached skill level 15 in Fighting
  9890 | D:2      | Bought a scroll of identify for 28 gold pieces
  9890 | D:2      | Bought a +0 pair of boots for 63 gold pieces
 10028 | Lair:1   | Entered Level 1 of the Lair of Beasts
 10050 | Lair:1   | Reached skill level 4 in Armour
 10069 | Lair:1   | Reached skill level 14 in Axes
 10075 | Lair:1   | Reached XP level 12. HP: 51/109 MP: 12/12
 10352 | Lair:1   | Reached skill level 5 in Armour
 10540 | Lair:1   | Identified the +0 leather armour "Yckouz" {Regen+ rCorr}
 10630 | Lair:1   | Found an iron altar of Okawaru.
 11090 | Lair:2   | Noticed Prince Ribbit
 11095 | Lair:2   | Received a gift from Trog
 11095 | Lair:2   | Killed Prince Ribbit
 11096 | Lair:2   | Reached skill level 15 in Axes
 11219 | Lair:2   | Reached skill level 6 in Armour
 11299 | Lair:2   | Found a hole to the Spider Nest.
 11403 | Lair:2   | Noticed a seven-headed hydra
 11409 | Lair:2   | Killed a six-headed hydra
 11778 | Lair:2   | Noticed Fannar
 11784 | Lair:2   | Killed Fannar
 12164 | Lair:2   | Reached skill level 16 in Axes
 12341 | Lair:3   | Found a staircase to the Shoals.
 12344 | Lair:3   | Reached skill level 7 in Armour
 12350 | Lair:3   | Reached XP level 13. HP: 92/115 MP: 13/13
 12631 | Lair:3   | Reached skill level 8 in Armour
 12717 | Lair:3   | Reached skill level 17 in Axes
 12730 | Lair:3   | Identified the +0 rapier of the Doomed Warrior {protect,
                  | ^Fragile rPois rF+ Str+5}
 13368 | Lair:4   | Received a gift from Trog
 13761 | Lair:4   | Reached skill level 9 in Armour
 14021 | Lair:4   | Found a staircase to the Slime Pits.
 14021 | Lair:4   | Found a viscous altar of Jiyva.
 14213 | Lair:5   | Entered Level 5 of the Lair of Beasts
 14216 | Lair:5   | Reached skill level 1 in Evocations
 14220 | Lair:5   | Reached skill level 18 in Axes
 14220 | Lair:5   | Reached skill level 1 in Stealth
 14252 | Lair:5   | Reached skill level 2 in Evocations
 14252 | Lair:5   | Reached XP level 14. HP: 113/123 MP: 14/14
 14305 | Lair:5   | Acquired an experimental compensator {rF+ Slay+3 Clar RMsl}
 14327 | Lair:5   | Reached skill level 2 in Stealth
 14327 | Lair:5   | Reached skill level 3 in Evocations
 14370 | Lair:5   | Identified the +1 scale mail of Tucw {-Tele Will+++ Regen+
                  | Slay-4}
 14398 | Lair:5   | Reached skill level 4 in Evocations
 14534 | Lair:5   | Reached skill level 3 in Stealth
 14626 | Lair:5   | Reached skill level 5 in Evocations
 14751 | Lair:5   | Reached skill level 10 in Armour
 14755 | Lair:5   | Reached skill level 4 in Stealth
 14967 | Lair:5   | Noticed a dire elephant
 14967 | Lair:5   | Noticed a dire elephant
 14967 | Lair:5   | Noticed a dire elephant
 14967 | Lair:5   | Noticed a dire elephant
 14967 | Lair:5   | Noticed a dire elephant
 14967 | Lair:5   | Noticed a dire elephant
 14972 | Lair:5   | Killed a dire elephant
 14973 | Lair:5   | Killed a dire elephant
 15370 | Lair:5   | Received a gift from Trog
 15552 | Lair:5   | Reached skill level 5 in Stealth
 15556 | Lair:5   | Killed a dire elephant
 15560 | Lair:5   | Killed a dire elephant
 15569 | Lair:5   | Killed a dire elephant
 15572 | Lair:5   | Reached skill level 11 in Armour
 15572 | Lair:5   | Killed a dire elephant
 15697 | Lair:5   | Noticed a dire elephant
 15702 | Lair:5   | Noticed a dire elephant
 15703 | Lair:5   | Killed a dire elephant
 15714 | Lair:5   | Killed a dire elephant
 16308 | Orc:1    | Entered Level 1 of the Orcish Mines
 16309 | Orc:1    | Found a roughly hewn altar of Beogh.
 16319 | Orc:1    | Noticed Snorg
 16323 | Orc:1    | Reached skill level 6 in Evocations
 16326 | Orc:1    | Reached XP level 15. HP: 49/129 MP: 15/15
 16330 | Orc:1    | Killed Snorg
 16470 | Orc:1    | Reached skill level 12 in Armour
 16577 | Orc:1    | Reached skill level 7 in Evocations
 16584 | Orc:1    | Noticed an orc warlord
 16602 | Orc:1    | Killed an orc warlord
 17018 | Orc:2    | Entered Level 2 of the Orcish Mines
 17352 | Orc:2    | Noticed Saint Roka
 17352 | Orc:2    | Found Ryrhapo's Antique Weapon Shoppe.
 17368 | Orc:2    | Killed Saint Roka
 17369 | Orc:2    | Reached skill level 8 in Evocations
 17387 | Orc:2    | Found Nodd's General Store.
 17404 | Orc:2    | Received a gift from Trog
 17766 | Orc:2    | Bought a scroll of identify for 32 gold pieces
 17797 | Orc:2    | Found Baurourhu's Book Shoppe.
 17821 | Orc:2    | Found a staircase to the Elven Halls.
 17828 | Orc:2    | Noticed an orc warlord
 17837 | Orc:2    | Killed an orc warlord
 18121 | Orc:2    | Found Sutoorr's Antique Armour Shop.
 18136 | Orc:2    | Bought a distressingly furry plate armour for 840 gold
                  | pieces
 18136 | Orc:2    | Identified the +10 plate armour of Elyvilon's Favour
                  | {rPois} (You bought it in a shop on level 2 of the Orcish
                  | Mines)
 18373 | D:11     | Reached skill level 9 in Evocations
 18566 | D:11     | Reached skill level 16 in Fighting
 18581 | D:11     | Identified the +3 rapier of the Fifty Mouths {spect, rPois
                  | Str+2 SInv}
 18620 | D:11     | Reached skill level 10 in Evocations
 19163 | D:11     | Reached skill level 13 in Armour
 19636 | D:11     | Found a glowing silver altar of Zin.
 19636 | D:11     | Noticed an angel
 20013 | D:12     | Noticed Nessos
 20031 | D:12     | Killed Nessos
 20031 | D:12     | Received a gift from Trog
 20364 | D:12     | Acquired a manual of Axes
 20382 | D:12     | Reached XP level 16. HP: 112/114 MP: 5/16
 20471 | D:12     | Identified the +1 ring mail of Vuogil {Harm Rampage Fly
                  | Str+3}
 20707 | D:12     | Reached skill level 4 in Dodging
 22043 | D:14     | Noticed Rupert
 22043 | D:14     | Found a gate to the Vaults.
 22049 | D:14     | Reached skill level 11 in Evocations
 22057 | D:14     | Killed Rupert
 22883 | D:15     | Entered Level 15 of the Dungeon
 22951 | D:15     | Reached skill level 5 in Dodging
 23563 | D:15     | Found a staircase to the Depths.
 24743 | Spider:1 | Entered Level 1 of the Spider Nest
 24902 | Spider:1 | Received a gift from Trog
 25434 | Spider:1 | Reached skill level 19 in Axes
 25447 | Spider:1 | Reached skill level 12 in Evocations
 25486 | Spider:1 | Reached skill level 17 in Fighting
 26044 | Spider:1 | Reached skill level 6 in Dodging
 26110 | Spider:1 | Reached XP level 17. HP: 127/147 MP: 5/17
 26608 | Spider:2 | Received a gift from Trog
 26965 | Spider:2 | Reached skill level 14 in Armour
 28297 | Spider:3 | Found a glacial archway.
 28313 | IceCv    | Entered an ice cave
 30021 | IceCv    | Reached skill level 13 in Evocations
 30209 | IceCv    | Reached skill level 7 in Dodging
 30635 | IceCv    | Identified a +1 robe of resistance
 30656 | IceCv    | Received a gift from Trog
 30657 | IceCv    | Reached skill level 20 in Axes
 32621 | Spider:4 | Entered Level 4 of the Spider Nest
 32622 | Spider:4 | Noticed Louise
 33450 | Spider:4 | Reached XP level 18. HP: 151/156 MP: 6/18
 33465 | Spider:4 | Killed Louise
 33519 | Spider:4 | Reached skill level 14 in Evocations
 33572 | Spider:4 | Reached skill level 8 in Dodging
 33827 | Spider:4 | Identified the +4 mace of Non Obstante Veredicto {freeze,
                  | rElec rF+++ rC- Int+5}
 34037 | Spider:4 | Received a gift from Trog
 34950 | Spider:4 | Reached skill level 18 in Fighting
 37074 | Spider:4 | Identified the +2 hat of the Apothecary {-Tele rF- Will+
                  | Dex+7}
 37077 | Spider:4 | Got a gossamer rune of Zot
 37335 | Shoals:1 | Entered Level 1 of the Shoals
 37336 | Shoals:1 | Noticed Kirke
 37356 | Shoals:1 | Killed Kirke
 37799 | Shoals:1 | Reached skill level 15 in Armour
 37883 | Shoals:1 | Reached skill level 21 in Axes
 38368 | Shoals:2 | Received a gift from Trog
 38382 | Shoals:2 | Identified the +5 long sword of Integrity {vamp, Str+2
                  | Stlth+}
 39173 | Shoals:2 | Reached skill level 15 in Evocations
 39447 | Shoals:2 | Reached skill level 9 in Dodging
 39611 | Shoals:3 | Noticed Roxanne
 39622 | Shoals:3 | Killed Roxanne
 39682 | Shoals:3 | Noticed Mara
 39947 | Shoals:3 | Noticed Ruich's illusion
 40227 | Shoals:3 | Noticed Ruich's illusion
 40431 | Shoals:3 | Noticed Ruich's illusion
 41190 | Shoals:3 | Noticed Ruich's illusion
 41190 | Shoals:3 | Killed Mara
 41787 | Shoals:3 | Noticed a titan
 41878 | Shoals:3 | Killed a titan
 41973 | Shoals:3 | Reached XP level 19. HP: 151/164 MP: 6/19
 42101 | Shoals:3 | Found a runed translucent gate.
 42101 | Shoals:3 | Found a runed translucent gate.
 42101 | Shoals:3 | Found a runed translucent gate.
 42101 | Shoals:3 | Noticed Rucifrug's ghost (journeyman FeSh)
 42113 | Shoals:3 | Killed Rucifrug's ghost
 42223 | Shoals:4 | Entered Level 4 of the Shoals
 42614 | Shoals:4 | Found Qoedeh's Magic Scroll Emporium.
 43292 | Shoals:4 | Noticed Polyphemus
 43316 | Shoals:4 | Reached skill level 16 in Evocations
 43555 | Shoals:4 | Reached skill level 10 in Dodging
 43785 | Shoals:4 | Reached skill level 22 in Axes
 43830 | Shoals:4 | Got a barnacled rune of Zot
 43847 | Shoals:4 | Found Laucler's General Store.
 43913 | Shoals:4 | Killed Polyphemus
 44195 | Shoals:4 | Received a gift from Trog
 44757 | Shoals:4 | Bought a scroll of enchant weapon for 165 gold pieces
 44762 | Shoals:4 | Bought a scroll of brand weapon for 209 gold pieces
 45057 | Shoals:3 | Reached skill level 19 in Fighting
 45230 | Elf:1    | Entered Level 1 of the Elven Halls
 46073 | Elf:1    | Found Aggef's Book Emporium.
 46601 | Elf:1    | Found a shimmering blue altar of Sif Muna.
 46613 | Elf:1    | Reached ****** piety under Trog
 46614 | Elf:1    | Reached skill level 17 in Evocations
 46623 | Elf:1    | Paralysed by an air elemental for 1 turns
 46923 | Elf:2    | Found Sir Ruhy's Antique Armour Emporium.
 46945 | Elf:2    | Received a gift from Trog
 47024 | Elf:2    | Bought a pair of runed boots for 255 gold pieces
 47379 | Elf:2    | Found Back's Book Shoppe.
 47452 | Elf:2    | Reached skill level 6 in Stealth
 47452 | Elf:2    | Reached XP level 20. HP: 121/174 MP: 6/20
 47504 | Elf:2    | Found Gamihimn's Distillery.
 47510 | Elf:2    | Found Kyaqo's Weapon Shop.
 47721 | Elf:2    | Found a runed translucent door.
 47743 | Elf:2    | Found a runed translucent door.
 47925 | Elf:3    | Entered Level 3 of the Elven Halls
 48726 | Elf:3    | Noticed Zenata
 48728 | Elf:3    | Found a transporter.
 48753 | Elf:3    | Killed Zenata
 48958 | Elf:3    | Found Peled's Distillery.
 48961 | Elf:3    | Found a transporter.
 49082 | Elf:3    | Bought a potion of heal wounds for 55 gold pieces
 49082 | Elf:3    | Bought a potion of invisibility for 88 gold pieces
 49082 | Elf:3    | Bought a potion of heal wounds for 55 gold pieces
 49976 | Elf:3    | Reached skill level 7 in Stealth
 50006 | Elf:3    | Reached skill level 18 in Evocations
 51233 | Elf:3    | Identified the amulet "Zesaut" {Regen+ Dex+5}
 51469 | Elf:3    | Received a gift from Trog
 52078 | Elf:3    | Identified the +2 ring mail of the Eternal Fruit {^Contam
                  | rF- Str+7 Int+2}
 52081 | Elf:3    | Identified the +7 scimitar of the Baking Seeker {antimagic,
                  | +Blink Fly rCorr Str+3 Int-5}
 52108 | Elf:3    | Identified the +5 quarterstaff "Hopilan" {drain, ^Drain rN+
                  | Int+3}
 52194 | Elf:3    | Identified the +9 orcbow "Viest" {speed, +Blink rElec}
 52221 | Elf:3    | Identified the staff "Toetwin" {Fly rElec rCorr Str-5 Dex+2
                  | Air}
 52225 | Elf:3    | Identified the staff "Efraesag" {rElec rF+ rC+ Necro Fire}
 52529 | Vaults:1 | Entered Level 1 of the Vaults
 52627 | Vaults:1 | Identified the +3 robe "Ymmy" {rElec rN+++ Int-4}
 52627 | Vaults:1 | Noticed Boris
 52638 | Vaults:1 | Killed Boris
 52641 | Vaults:1 | Reached skill level 20 in Fighting
 52784 | Vaults:1 | Reached skill level 16 in Armour
 52827 | Vaults:1 | Identified the +0 scale mail of Mumblety Peg {rCorr MP+9}
 52883 | Vaults:1 | Reached skill level 8 in Stealth
 52948 | Vaults:1 | Received a gift from Trog
 53133 | Vaults:1 | Reached XP level 21. HP: 111/183 MP: 7/21
 53142 | Vaults:1 | HP: 13/183 [deep troll[an ironbound preserver] (21)]
 53151 | Vaults:1 | Reached skill level 19 in Evocations
 53491 | Elf:2    | Bought a manual of Dodging for 1200 gold pieces
 53491 | Elf:2    | Bought a manual of Axes for 1200 gold pieces
 55067 | Vaults:2 | Reached skill level 11 in Dodging
 56215 | Vaults:2 | Received a gift from Trog
 56216 | Vaults:2 | Reached skill level 23 in Axes
 56454 | Vaults:2 | Identified the +5 battleaxe of Makhleb {heavy, *Slow Fly
                  | rCorr Dex+8}
 56501 | Vaults:2 | Reached skill level 12 in Dodging
 56501 | Vaults:2 | Reached skill level 20 in Evocations
 56937 | Vaults:3 | Found a staircase to the Crypt.
 57368 | Vaults:3 | Noticed Jory
 57369 | Vaults:3 | Pug: don't die
 57376 | Vaults:3 | Killed Jory
 57386 | Vaults:3 | Reached skill level 13 in Dodging
 57487 | Vaults:3 | Found Ynor's Magic Scroll Shoppe.
 57552 | Vaults:3 | Found Pouruucsoa's Book Shop.
 57652 | Vaults:3 | Reached skill level 24 in Axes
 57858 | Vaults:3 | Reached skill level 14 in Dodging
 57858 | Vaults:3 | Reached XP level 22. HP: 190/190 MP: 7/22
 58082 | Vaults:3 | Received a gift from Trog
 58524 | Vaults:4 | Identified the +4 robe "Wanap" {*Slow Fly rElec rCorr}
 58524 | Vaults:4 | Noticed Boris
 58544 | Vaults:4 | Killed Boris
 58595 | Vaults:4 | Identified the +9 triple crossbow of the Dwarven Hall
                  | {freeze, Will+ Int+3 Stlth-}
 58742 | Vaults:4 | Identified the +0 plate armour of the Unicorn {Str+3
                  | Slay+2}
 59069 | Vaults:4 | Reached skill level 9 in Stealth
 59513 | Vaults:4 | Identified the +8 hand axe of Trog's Vengeance {heavy, Fly
                  | rF- Str+4} (Trog gifted it to you on level 4 of the Vaults)
 59513 | Vaults:4 | Received a gift from Trog
 59524 | Vaults:4 | Reached skill level 15 in Dodging
 60140 | Orc:2    | Bought a polished plate armour for 840 gold pieces
 60140 | Orc:2    | Identified the +5 plate armour "Elouw" {+Inv rElec rN+
                  | Int-5} (You bought it in a shop on level 2 of the Orcish
                  | Mines)
 60380 | Depths:1 | Entered Level 1 of the Depths
 60382 | Depths:1 | Found Ifapp's Jewellery Shop.
 60658 | Depths:1 | Found Suvaplerph's Antique Weapon Shop.
 60952 | Depths:1 | Received a gift from Trog
 60956 | Depths:1 | Found the +3 pair of seven-league boots {Rampage+∞}
 61050 | Depths:1 | Found a one-way gate to the infinite horrors of the Abyss.
 61107 | Depths:1 | Found Isaugic's Book Emporium.
 61107 | Depths:1 | Found Eqamis's Jewellery Shop.
 61108 | Depths:1 | Found Zocymil's Jewellery Shop.
 61177 | Depths:1 | Reached skill level 21 in Evocations
 61187 | Depths:1 | Reached skill level 10 in Stealth
 61468 | Depths:1 | Found a one-way gateway to a ziggurat.
 61530 | Depths:1 | Identified the +6 demon trident of Valour {freeze, Int+3
                  | SInv}
 61650 | Depths:1 | Found a gateway to Hell.
 61729 | Depths:1 | Found a one-way gate leading to the halls of Pandemonium.
 61992 | Depths:2 | Noticed Vv
 62061 | Depths:2 | Found a radiant altar of Vehumet.
 62105 | Depths:2 | Identified a +2 buckler of resistance
 62418 | Depths:1 | Killed Vv
 62419 | Depths:1 | Reached XP level 23. HP: 66/197 MP: 7/23
 63112 | Depths:2 | Identified the +6 war axe of Mourning {flame, rC+ Will+}
                  | (Trog gifted it to you on level 2 of the Depths)
 63112 | Depths:2 | Received a gift from Trog
 63972 | Depths:2 | Identified the +1 animal skin "Wohae" {Harm Regen+ Dex+4}
 64045 | Depths:2 | Found a roughly hewn altar of Beogh.
 64064 | Depths:2 | Found a bloodstained altar of Trog.
 64090 | Depths:2 | Noticed a royal mummy
 64105 | Depths:2 | Killed a royal mummy
 64335 | Depths:2 | Found a shimmering blue altar of Sif Muna.
 64529 | Depths:2 | Reached skill level 17 in Armour
 64953 | Depths:2 | Found The Legendary Picibbar's Legendary Smithy.
 64975 | Depths:2 | Found Atiw's General Store.
 64979 | Depths:2 | Reached skill level 22 in Evocations
 64985 | Depths:2 | Bought a wand of quicksilver (5) for 273 gold pieces
 65064 | Depths:2 | Found an opulent altar of Gozag.
 65074 | Depths:2 | Identified the +8 great mace "Vujut" {flame, rN++ Int-4
                  | Dex+8} (Trog gifted it to you on level 2 of the Depths)
 65074 | Depths:2 | Received a gift from Trog
 65209 | Depths:2 | Found Hofir's Miraculous Elixirs.
 65644 | Shoals:4 | Bought the +1 plate armour of Brilliance {Will+ Int+2
                  | Dex+3} for 817 gold pieces
 66965 | Depths:3 | Reached skill level 21 in Fighting
 67080 | Depths:3 | Found Aniucsoh's Antique Weapon Shoppe.
 67458 | Depths:4 | Entered Level 4 of the Depths
 67578 | Depths:4 | Noticed Xtahua
 67703 | Depths:4 | Killed Xtahua
 68259 | Depths:4 | Found an ancient bone altar of Kikubaaqudgha.
 68355 | Depths:4 | Received a gift from Trog
 68564 | Depths:4 | Reached skill level 23 in Evocations
 68649 | Depths:4 | Found a gate to the Realm of Zot.
 69051 | Depths:4 | Noticed a golden dragon
 69057 | Depths:4 | Killed a golden dragon
 69058 | Depths:4 | Reached XP level 24. HP: 208/208 MP: 7/23
 69719 | D:4      | Bought a +2 pair of gloves of fire resistance for 258 gold
                  | pieces
 70060 | Vaults:5 | Entered Level 5 of the Vaults
 70074 | Vaults:5 | Reached skill level 18 in Armour
 70530 | Vaults:5 | Received a gift from Trog
 70599 | Vaults:5 | Identified the +1 plate armour of a treasure trove {rC+
                  | MP+9 Int+6}
 70601 | Vaults:5 | Got a silver rune of Zot
 70808 | Vaults:5 | Identified the +6 chain mail of the Barnacle {+Blink Regen+
                  | rCorr}
 71246 | Vaults:5 | Reached skill level 22 in Fighting
 71305 | Vaults:5 | Found the +3 salamander hide armour {Flames, rFlCloud rF++
                  | rC--}
 71317 | Vaults:5 | Reached skill level 24 in Evocations
 71349 | Vaults:5 | Identified the +9 longbow "Woedugho" {elec, rF+ Dex+4}
 71638 | Vaults:5 | Identified the +0 acid dragon scales "Dyudwa" {rCorr
                  | Slay+2}
 71645 | Vaults:5 | Identified the ring of Yfeciblo {rC+ Int+5 SInv}
 71665 | Vaults:5 | Identified the +5 scale mail "Houco" {rPois Slay+2}
 71668 | Vaults:5 | Identified the +0 chain mail "Qiriq" {Will- Str+3 Int+3}
 71671 | Vaults:5 | Identified the +10 sling of Untruth {elec, ^Contam rElec
                  | rPois Will+++}
 71679 | Vaults:5 | Acquired a manual of Armour
 71904 | Vaults:5 | Received a gift from Trog
 71910 | Vaults:5 | Reached skill level 19 in Armour
 74048 | Shoals:4 | Bought a wand of warping (6) for 230 gold pieces
 74048 | Shoals:4 | Bought a wand of mindburst (4) for 89 gold pieces
 74048 | Shoals:4 | Bought a scroll of fear for 64 gold pieces
 74048 | Shoals:4 | Bought a scroll of revelation for 120 gold pieces
 74357 | Vaults:3 | Bought a scroll of fear for 72 gold pieces
 74357 | Vaults:3 | Bought a scroll of fog for 72 gold pieces
 74357 | Vaults:3 | Bought a scroll of silence for 171 gold pieces
 74357 | Vaults:3 | Bought a scroll of teleportation for 54 gold pieces
 74652 | D:2      | Bought a potion of haste for 140 gold pieces
 74652 | D:2      | Bought a potion of invisibility for 112 gold pieces
 74652 | D:2      | Bought a potion of heal wounds for 70 gold pieces
 74652 | D:2      | Bought a potion of heal wounds for 70 gold pieces
 74652 | D:2      | Bought a potion of enlightenment for 70 gold pieces
 74921 | Elf:2    | Bought a potion of heal wounds for 60 gold pieces
 74921 | Elf:2    | Bought a potion of invisibility for 96 gold pieces
 74921 | Elf:2    | Bought a potion of invisibility for 96 gold pieces
 74921 | Elf:2    | Bought a potion of heal wounds for 60 gold pieces
 75238 | Zot:1    | Entered Level 1 of the Realm of Zot
 75475 | Zot:1    | Noticed an electric golem
 75476 | Zot:1    | Reached XP level 25. HP: 219/219 MP: 7/23
 75480 | Zot:1    | Reached skill level 20 in Armour
 75487 | Zot:1    | Killed an electric golem
 75608 | Zot:1    | Noticed an orb of fire
 75626 | Zot:1    | Killed an orb of fire
 76508 | Zot:1    | Reached skill level 25 in Evocations
 77054 | Zot:2    | Identified the +0 scale mail of Toothy Music {rPois rF- rC-
                  | Stlth+}
 77848 | Zot:2    | Reached skill level 23 in Fighting
 78804 | Zot:2    | Received a gift from Trog
 79631 | Zot:2    | Reached skill level 26 in Evocations
 79839 | Zot:2    | Noticed a curse toe
 79843 | Zot:2    | Killed a curse toe
 80456 | Zot:2    | Identified the +4 spear of the Ship {elec, rN+ Dex+7
                  | Stlth-}
 81167 | Zot:3    | Identified the ring "Woal" {Ice ^Contam rPois Str+4 Dex+2}
 81167 | Zot:3    | Noticed Josephina
 81188 | Zot:3    | Killed Josephina
 82857 | Zot:3    | Received a gift from Trog
 83018 | Zot:3    | Reached XP level 26. HP: 160/230 MP: 7/23
 83147 | Zot:3    | Reached skill level 21 in Armour
 83149 | Zot:3    | HP: 23/231 [purple draconian shifter/bolt of dispelling
                  | energy[a white draconian stormcaller] (28)]
 84061 | Zot:3    | Reached skill level 24 in Fighting
 84890 | Zot:3    | Identified the staff of Iseywn {rC+ rN+ Dex+3 Ice}
 85306 | Zot:4    | Noticed a Killer Klown
 85324 | Zot:4    | Killed a Killer Klown
 85458 | Zot:4    | Reached skill level 27 in Evocations
 85545 | Zot:4    | Received a gift from Trog
 89227 | Zot:4    | Reached skill level 25 in Fighting
 92595 | Zot:5    | Entered Level 5 of the Realm of Zot
 93295 | Zot:5    | Noticed a Killer Klown
 93302 | Zot:5    | Killed a Killer Klown
 94972 | Zot:5    | Noticed a curse toe
 96516 | Zot:5    | Noticed an ancient lich
 96527 | Zot:5    | Killed an ancient lich
 97099 | Zot:5    | Noticed an orb of fire
 97111 | Zot:5    | Killed an orb of fire
 97134 | Zot:5    | Noticed a Killer Klown
 97153 | Zot:5    | Killed a Killer Klown
 97154 | Zot:5    | Reached skill level 26 in Fighting
 97763 | Zot:5    | Reached XP level 27. HP: 245/245 MP: 7/23
 97932 | Zot:5    | Noticed an ancient lich
 97938 | Zot:5    | Killed an ancient lich
 98286 | Zot:5    | Noticed an electric golem
 98295 | Zot:5    | Killed an electric golem
 98523 | Zot:5    | Noticed a dread lich
 98538 | Zot:5    | Killed a dread lich
 99697 | Zot:5    | Noticed a dread lich
 99712 | Zot:5    | Killed a curse toe
 99734 | Zot:5    | Killed a dread lich
101688 | Zot:5    | Reached skill level 27 in Fighting
101762 | Zot:5    | Noticed an electric golem
101777 | Zot:5    | Killed an electric golem
102147 | Zot:5    | Noticed an orb of fire
102166 | Zot:5    | Killed an orb of fire
102565 | Zot:5    | Noticed an orb of fire
102576 | Zot:5    | Gained mutation: You are strong-willed. (Will+) [an orb of
                  | fire]
102580 | Zot:5    | Killed an orb of fire
102597 | Zot:5    | Noticed an ancient lich
102605 | Zot:5    | Killed an ancient lich
102606 | Zot:5    | Reached skill level 11 in Stealth
102666 | Zot:5    | Noticed a dread lich
102675 | Zot:5    | Killed a dread lich
103179 | Zot:5    | Got the Orb of Zot
103189 | Zot:5    | Noticed a dread lich
103409 | Zot:1    | Noticed Unamiq Gigi the pandemonium lord
103424 | Zot:1    | Noticed Uleug the pandemonium lord
103716 | D:7      | Noticed a seraph
103874 | D:3      | Noticed Naeppurr the pandemonium lord
103944 | D:$      | Escaped with the Orb!

Vanquished Creatures
  4 orbs of fire
  3 dread liches (Zot:5)
  2 ancient liches (Zot:5)
  Mara (Shoals:3)
  Xtahua (Depths:4)
  A royal mummy (Depths:2)
  Boris (twice) (Vaults:1 Vaults:4)
  Josephina (Zot:3)
  6 Killer Klowns
  Vv (Depths:1)
  2 curse toes
  8 golden dragons
  3 electric golems
  Zenata (Elf:3)
  19 tentacled monstrosities
  Rupert (D:14)
  25 Orb Guardians
  2 deep elf blademasters (Elf:3)
  2 deep elf master archers (Elf:3)
  3 liches
  10 titans
  2 quicksilver dragons
  8 death cobs
  5 sphinxes
  Polyphemus (Shoals:4)
  A kraken (Shoals:1)
  15 acid blobs
  18 shadow dragons
  6 tengu reavers
  Kirke (Shoals:1)
  14 storm dragons
  6 draconian monks
  2 revenants (Vaults:3)
  12 frost giants
  4 protean progenitors
  Roxanne (Shoals:3)
  A balrug (Depths:2)
  11 fire giants
  2 draconian knights (Zot:4)
  13 vault wardens
  Louise (Spider:4)
  2 deep elf sorcerers
  2 emperor scorpions
  3 draconian scorchers (Zot:3)
  7 draconian shifters
  5 draconian stormcallers
  2 iron dragons
  2 deep elf elementalists (Elf:3)
  12 ghost moths
  5 orc warlords
  8 draconian annihilators
  2 ghouls (Vaults:3)
  16 ironbound preservers
  3 broodmothers (Spider:4)
  7 ironbound thunderhulks
  3 formless jellyfish
  Nessos (D:12)
  16 stone giants
  12 very ugly things
  4 vampire knights
  8 green draconians
  9 deep elf demonologists
  9 black draconians
  21 dire elephants
  16 yellow draconians
  7 deep elf death magi
  8 purple draconians
  3 deep elf annihilators (Elf:3)
  5 spark wasps
  13 white draconians
  8 red draconians
  Snorg (Orc:1)
  5 war gargoyles
  14 ettins
  A mummy priest (Elf:1)
  3 merfolk javelineers
  An ettin (shapeshifter) (Vaults:5)
  12 merfolk impalers
  An entropy weaver (Vaults:2)
  7 fire dragons
  4 crystal guardians
  A spriggan zombie (Depths:4)
  13 yaktaur captains
  7 deep elf high priests
  26 vault guards
  7 great orbs of eyes
  12 ice dragons
  Fannar (Lair:2)
  An entropy weaver (shapeshifter) (D:15)
  3 peacekeepers
  A jorogumo (Spider:4)
  A hell beast (Depths:1)
  The ghost of Rucifrug the Gouger, a journeyman FeSh of Ru (Shoals:3)
  3 catoblepae
  2 spriggan air magi (Depths:1)
  8 hydras
  3 rakshasas
  16 ironbound frosthearts
  An alligator (Shoals:2)
  2 merfolk avatars
  9 boulder beetles
  16 centaur warriors
  A death knight (D:11)
  2 radroaches
  4 alligator snapping turtles
  18 dancing weapons
  A satyr (Shoals:3)
  2 deep troll shamans
  A two-headed ogre (shapeshifter) (Vaults:5)
  3 merfolk aquamancers
  4 death yaks (Shoals:4)
  10 two-headed ogres
  3 deep troll earth magi
  2 tengu warriors
  2 titan zombies
  3 demonic crawlers
  4 orc high priests
  A hell hog (Depths:1)
  2 sun demons (Depths:2)
  3 spriggan berserkers
  7 occultists
  A spriggan (Depths:1)
  6 vampire magi
  4 soul eaters (Depths:1)
  13 hell knights
  11 deep elf knights
  3 iron trolls
  A salamander mystic (Depths:1)
  A skeletal warrior (D:11)
  A goliath frog (shapeshifter) (Vaults:5)
  7 pharaoh ants
  An orb spider (shapeshifter) (Elf:3)
  9 skysharks
  A spectral anaconda (Lair:5)
  6 orb spiders
  A spectral death yak (Lair:5)
  36 deep trolls
  2 glowing orange brains
  A flayed ghost (Depths:4)
  3 shadow demons
  A golden dragon zombie (Depths:4)
  A goliath frog (Zot:1)
  2 tengu zombies
  7 arcanists
  14 deep elf archers
  A glowing orange brain (shapeshifter) (Zot:3)
  An obsidian statue (Lair:5)
  7 lindwurms
  8 sea snakes
  A steelbarb worm (shapeshifter) (Vaults:5)
  8 orc knights
  3 large abominations (Depths:3)
  5 steelbarb worms
  15 ironbound convokers
  An orange crystal statue (IceCv)
  26 deep elf pyromancers
  4 phantasmal warriors
  10 necromancers
  22 harpies
  4 sun moths
  Pikel (D:5)
  2 thermic dynamos (Elf:3)
  17 deep elf zephyrmancers
  A cyclops (shapeshifter) (Vaults:5)
  A faun (shapeshifter) (Vaults:5)
  7 orc sorcerers
  21 wolf spiders
  A wolf spider (shapeshifter) (Elf:1)
  A moth of wrath (shapeshifter) (Zot:3)
  44 ugly things
  5 oklob plants (Zot:4)
  16 cyclopes
  18 manticores
  A black mamba (Lair:5)
  5 fauns
  3 meliai (Spider:4)
  3 salamanders (Depths:1)
  16 elephants
  A human skeleton (Vaults:2)
  27 moths of wrath
  A guardian serpent (Depths:1)
  16 vault sentinels
  5 water nymphs
  8 merfolk sirens
  2 kobold blastminers
  A smoke demon (Depths:1)
  A cane toad (shapeshifter) (Elf:1)
  6 gargoyles
  3 torpor snails
  13 cane toads
  6 unseen horrors
  2 kobold demonologists (Elf:1)
  13 rime drakes
  10 komodo dragons
  3 freezing wraiths
  A tengu conjurer (D:15)
  An efreet (D:15)
  42 yaktaurs
  A golden dragon simulacrum (Zot:3)
  2 merfolk (shapeshifter)
  11 trolls
  16 polar bears (IceCv)
  A queen bee (shapeshifter) (Elf:3)
  2 hornets
  21 merfolk
  An elf simulacrum (Vaults:5)
  2 wind drakes
  23 tarantellas
  A dream sheep (shapeshifter) (Elf:1)
  14 dream sheep
  A raiju (shapeshifter) (D:14)
  2 glass eyes
  18 blink frogs
  A glass eye (shapeshifter) (Vaults:5)
  A draconian simulacrum (Zot:3)
  11 snapping turtles
  24 jumping spiders
  A deep troll skeleton (Vaults:5)
  31 culicivoras
  An air elemental (Elf:1)
  4 small abominations (Depths:3)
  5 wraiths
  29 slime creatures
  18 water elementals
  Sigmund (D:6)
  8 wyverns
  A dire elephant simulacrum (Lair:5)
  4 vampires
  6 fire elementals
  5 basilisks
  5 shadows
  36 yaks
  8 wargs
  A white draconian simulacrum (Zot:3)
  A hog (Shoals:1)
  16 humans (D:14)
  65 redbacks
  12 vampire mosquitoes
  A steam dragon (D:9)
  5 chaos spawn (Depths:3)
  Menkaure (D:5)
  A spectral cane toad (Lair:5)
  A swamp worm (Zot:2)
  An ogre zombie (Vaults:2)
  5 acid dragons
  An acid dragon (shapeshifter) (Elf:1)
  2 ogre skeletons (Vaults:2)
  14 water moccasins
  2 moth of wrath simulacra (Zot:3)
  21 orc warriors
  A sky beast (shapeshifter) (Elf:2)
  4 black bears
  10 boggarts
  4 ogres
  5 centaurs
  26 wolves
  An elephant skeleton (Lair:5)
  2 phantoms
  A lemure (D:5)
  A brain worm (shapeshifter) (D:15)
  3 earth elementals
  12 bullfrogs
  A gnoll sergeant (D:9)
  5 scorpions
  8 wights
  6 killer bees
  15 electric eels
  2 bombardier beetles
  4 howler monkeys
  22 jellies
  6 hounds
  11 orc priests
  2 gnoll boudas
  Jessica (D:2)
  2 sleepcaps
  3 iguanas
  Natasha (thrice) (D:2)
  9 orc wizards
  2 spectral hounds (Depths:2)
  12 gnolls
  12 adders
  3 white imps
  2 ufetubi (D:5)
  A ribbon worm (D:2)
  2 dart slugs
  69 orcs
  10 ball pythons
  9 endoplasms
  3 giant cockroaches
  10 goblins
  5 hobgoblins
  4 jackals
  13 kobolds
  4 quokkas
  10 bats
  3 frilled lizards
  5 rats
  2 aspiring fleshes (Zot:2)
  A spectral weapon (Zot:4)
  3 tentacles (Shoals:1)
2092 creatures vanquished.

Vanquished Creatures (collateral kills)
  An ancient lich (Zot:5)
  Saint Roka (Orc:2)
  Jory (Vaults:3)
  2 tentacled monstrosities (Zot:1)
  An Orb Guardian (Zot:5)
  A sphinx (Vaults:1)
  A death cob (Zot:1)
  A tengu reaver (Vaults:5)
  A draconian knight (Zot:3)
  A fire giant (Vaults:5)
  A ghost moth (Zot:2)
  A vault warden (Vaults:5)
  A draconian shifter (Zot:3)
  A draconian scorcher (Zot:4)
  2 draconian stormcallers
  An ironbound preserver (Vaults:5)
  A deep elf death mage (Vaults:5)
  A red draconian (Zot:3)
  3 vault guards (Vaults:5)
  A death yak (Lair:4)
  An orc high priest (Orc:2)
  A hell knight (Depths:3)
  A skyshark (Lair:3)
  An arcanist (Vaults:1)
  An orb spider (shapeshifter) (Vaults:5)
  An orc knight (Orc:1)
  A deep troll (Vaults:1)
  An ironbound convoker (Vaults:1)
  A cyclops (D:11)
  2 orc sorcerers (Orc:2)
  Maurice (D:8)
  4 elephants
  A black mamba (Lair:5)
  A kobold blastminer (Orc:2)
  An unseen horror (Zot:2)
  A troll (Orc:2)
  4 blink frogs
  A tarantella (shapeshifter) (D:11)
  Prince Ribbit (Lair:2)
  A dream sheep (Lair:4)
  A glass eye (Depths:3)
  A spectral elephant (Lair:5)
  5 yaks
  2 wargs (Orc:2)
  A swamp worm (Zot:2)
  12 orc warriors
  A centaur (D:6)
  A kobold brigand (D:9)
  A bullfrog (Lair:2)
  A wight (D:8)
  2 electric eels
  An orc priest (Orc:1)
  2 orc wizards
  A gnoll (D:9)
  15 orcs
  An endoplasm (D:4)
  An aspiring flesh (Zot:1)
100 creatures vanquished.

Vanquished Creatures (others)
  A deep elf knight (Elf:1)
  A harpy (Shoals:3)
  A deep elf zephyrmancer (Elf:2)
  A culicivora (Spider:2)
  A jumping spider (Spider:2)
  3 humans (Shoals:1)
  A small abomination (Zot:1)
  8 tentacles (Shoals:1)
17 creatures vanquished.

Grand Total: 2209 creatures vanquished

Table legend: (Time is in decaauts)
 A = Elapsed time spent in this place.
 B = Non-inter-level travel time spent in this place.
 C = Inter-level travel time spent in this place.
 D = Time resting spent in this place.
 E = Time spent auto-exploring this place.
 F = Levels seen in this place.
 G = Mean time per level.
                   A        B        C        D        E       F      G
               +--------+--------+--------+--------+--------+-----+--------+
         Total | 103448 |  95736 |   7712 |  49131 |  27039 |  48 | 2155.2 |
       Dungeon |  19093 |  16109 |   2984 |   3714 |   9674 |  15 | 1272.9 |
          Lair |   6547 |   5941 |    606 |   1538 |   3161 |   5 | 1309.4 |
        Shoals |   8555 |   7815 |    740 |   4201 |   1947 |   4 | 2138.8 |
   Spider Nest |   9649 |   9131 |    518 |   5276 |   2359 |   4 | 2412.2 |
  Orcish Mines |   2320 |   2131 |    189 |    883 |    573 |   2 | 1160.0 |
   Elven Halls |   7580 |   6974 |    606 |   3824 |   1231 |   3 | 2526.7 |
        Vaults |  11356 |  10434 |    922 |   4184 |   3465 |   5 | 2271.2 |
        Depths |   8943 |   8367 |    576 |   4596 |   1850 |   4 | 2235.8 |
           Zot |  26476 |  25909 |    567 |  19017 |   2405 |   5 | 5295.2 |
      Ice Cave |   2923 |   2923 |      0 |   1892 |    372 |   1 | 2923.0 |
               +--------+--------+--------+--------+--------+-----+--------+

Top non-repeatable levels by time:
   Zot:5: 9303 daAuts
   Zot:4: 6126 daAuts
   Zot:3: 4952 daAuts
   Zot:2: 4748 daAuts
Spider:4: 4264 daAuts
   Elf:3: 4184 daAuts
Vaults:5: 3231 daAuts
   IceCv: 2923 daAuts
Depths:2: 2816 daAuts
Shoals:2: 2746 daAuts
Shoals:4: 2728 daAuts
Vaults:2: 2610 daAuts
Depths:1: 2527 daAuts
Vaults:4: 2085 daAuts
Spider:3: 2032 daAuts

Table legend:
 A = Non-vault XP
 B = Vault XP
 C = Vault XP percentage of total XP
 D = Non-vault monster count
 E = Vault monster count
 F = Vault count percentage of total count
                 A         B        C        D         E       F
            +---------+---------+-------+---------+---------+-------
      Total |  656372 |  687844 |  51.2 |    1312 |     875 |  40.0
            +---------+---------+-------+---------+---------+-------
        D:1 |      49 |       0 |   0.0 |      26 |       0 |   0.0
        D:2 |     246 |      94 |  27.6 |      19 |       8 |  29.6
        D:3 |      77 |       0 |   0.0 |      25 |       0 |   0.0
        D:4 |     486 |       0 |   0.0 |      22 |       0 |   0.0
        D:5 |     778 |     989 |  56.0 |      24 |       8 |  25.0
        D:6 |     612 |    1876 |  75.4 |       8 |      11 |  57.9
        D:7 |     763 |       0 |   0.0 |      15 |       0 |   0.0
        D:8 |    1170 |    1245 |  51.6 |      20 |       8 |  28.6
        D:9 |    1265 |    2136 |  62.8 |      23 |       7 |  23.3
       D:10 |    3316 |       0 |   0.0 |       6 |       0 |   0.0
       D:11 |    4461 |   11833 |  72.6 |      14 |      26 |  65.0
       D:12 |    6644 |    1416 |  17.6 |      26 |       2 |   7.1
       D:13 |    4075 |    2974 |  42.2 |      16 |       5 |  23.8
       D:14 |    3641 |    7082 |  66.0 |       6 |      20 |  76.9
       D:15 |    7557 |    3492 |  31.6 |      13 |       5 |  27.8
     Lair:1 |    4807 |    2520 |  34.4 |      29 |      10 |  25.6
     Lair:2 |    6597 |    2128 |  24.4 |      31 |       6 |  16.2
     Lair:3 |   11665 |     616 |   5.0 |      32 |       1 |   3.0
     Lair:4 |    6591 |    2235 |  25.3 |      21 |       5 |  19.2
     Lair:5 |   11717 |   19999 |  63.1 |      41 |      35 |  46.1
   Shoals:1 |   15069 |    1560 |   9.4 |      29 |       2 |   6.5
   Shoals:2 |    7943 |    3309 |  29.4 |      16 |       4 |  20.0
   Shoals:3 |   13219 |    9988 |  43.0 |      31 |       7 |  18.4
   Shoals:4 |   10710 |   27928 |  72.3 |      24 |      37 |  60.7
   Spider:1 |   19102 |    1372 |   6.7 |      56 |       7 |  11.1
   Spider:2 |   12808 |       0 |   0.0 |      39 |       0 |   0.0
   Spider:3 |   11964 |     743 |   5.8 |      28 |       2 |   6.7
   Spider:4 |   17006 |   18156 |  51.6 |      43 |      39 |  47.6
      Orc:1 |    7382 |    2687 |  26.7 |      60 |      18 |  23.1
      Orc:2 |    3477 |   12252 |  77.9 |      11 |      36 |  76.6
      Elf:1 |   16254 |   10670 |  39.6 |      28 |      21 |  42.9
      Elf:2 |   19879 |    4108 |  17.1 |      34 |       5 |  12.8
      Elf:3 |   23482 |   23614 |  50.1 |      40 |      20 |  33.3
   Vaults:1 |   33729 |   13662 |  28.8 |      58 |      15 |  20.5
   Vaults:2 |   22731 |   23330 |  50.7 |      32 |      32 |  50.0
   Vaults:3 |   16724 |   34173 |  67.1 |      28 |      41 |  59.4
   Vaults:4 |   44963 |    7397 |  14.1 |      65 |       9 |  12.2
   Vaults:5 |   16751 |  104043 |  86.1 |      25 |      97 |  79.5
   Depths:1 |   26362 |   15151 |  36.5 |      37 |      17 |  31.5
   Depths:2 |   21563 |   36528 |  62.9 |      22 |      61 |  73.5
   Depths:3 |   29356 |    7733 |  20.8 |      33 |      17 |  34.0
   Depths:4 |   18417 |   23669 |  56.2 |      17 |      21 |  55.3
      Zot:1 |   44087 |       0 |   0.0 |      34 |       0 |   0.0
      Zot:2 |   39671 |   30251 |  43.3 |      34 |      20 |  37.0
      Zot:3 |   49734 |   44114 |  47.0 |      44 |      44 |  50.0
      Zot:4 |   15430 |   43881 |  74.0 |      13 |      57 |  81.4
      Zot:5 |   22042 |  102764 |  82.3 |      14 |      41 |  74.5
      IceCv |       0 |   24126 | 100.0 |       0 |      48 | 100.0
            +---------+---------+-------+---------+---------+-------
